 Dungeon Crawl Stone Soup version 0.31.0-12-g77e489cdc1 (webtiles) character file.

Game seed: 5771479272054300613

85 spaghetti the Shooter (level 4, -14/38 HPs)
             Began as a Naga Hexslinger on Mar 8, 2024.
             Was an Initiate of the Shining One.
             Killed by divine providence
             ... invoked by an orc priest
              (20 damage)
             ... on level 2 of the Dungeon.
             The game lasted 00:03:13 (2184 turns).

spaghetti the Shooter (Naga Hexslinger)             Turns: 2184, Time: 00:03:14

Health: -14/38     AC:  2    Str: 10    XL:     4   Next: 48%
Magic:  5/5        EV:  9    Int: 14    God:    the Shining One [......]
Gold:   157        SH:  0    Dex: 15    Spells: 5/5 levels left

rFire   . . .        a - +1 sling
rCold   + . .        (no shield)
rNeg    . . .        s - +0 leather armour of Trumpets {Harm ^Drain rC+ Slay+3}
rPois   +            (no helmet)
rElec   .            (no cloak)
rCorr   .            (no gloves)
SInv    +            (no barding)
Will    .....        (no amulet)
Stlth   +            (no ring)
HPRegen 0.26/turn    (no ring)
MPRegen 0.09/turn

%: harm (+30% outgoing, +20% incoming)
@: glowing, very slow
A: AC +1, large, see invisible, deformed body, poison resistance, slowness 2,
spit poison 1, naga tail 1
a: Spit Poison, Renounce Religion


You were on level 2 of the Dungeon.
You worshipped the Shining One.
The Shining One was noncommittal.
You visited 1 branch of the dungeon, and saw 3 of its levels.

You collected 157 gold pieces.

Inventory:

Hand Weapons
 a - a +1 sling (weapon)
Missiles
 t - 4 javelins
Armour
 c - a +0 robe
 h - a +3 leather armour
 s - the +0 leather armour of Trumpets (worn) {Harm ^Drain rC+ Slay+3}
   (You found it on level 2 of the Dungeon)

   Slay+3:    It affects your accuracy & damage with ranged weapons and melee
   (+3).
   rC+:       It protects you from cold.
   ^Drain:    It drains your maximum health when unequipped.
   Harm:      It increases damage dealt and taken.
Jewellery
 l - a ring of willpower
Talismans
 n - a granite talisman
Scrolls
 b - 2 scrolls of poison
 g - a scroll of vulnerability {unknown}
 i - 2 scrolls of teleportation {unknown}
 j - a scroll of noise {unknown}
 o - a scroll of enchant weapon {unknown}
 r - a scroll of fear {unknown}
Potions
 d - a potion of mutation {unknown}
 e - 3 potions of might {unknown}
 f - 2 potions of degeneration {unknown}
 k - a potion of cancellation {unknown}
 m - a potion of heal wounds {unknown}
 p - a potion of curing {unknown}
 q - 2 potions of ambrosia {unknown}


   Skills:
 - Level 1.0 Fighting
 + Level 4.1 Ranged Weapons
 - Level 1.5 Dodging
 - Level 1.0 Spellcasting
 - Level 3.0 Hexes
 - Level 1.0 Fire Magic


You had 5 spell levels left.
You didn't know any spells.
Your spell library contained the following spells:

 Spells                   Type           Power      Damage    Failure   Level
 Jinxbite                 Hex            18%        N/A       16%         2
 Sigil of Binding         Hex            9%         N/A       30%         3
 Freeze                   Ice            0%         1d3       34%         1
 Inner Flame              Hex/Fire       6%         N/A       43%         3
 Frozen Ramparts          Ice            0%         1d1       71%         3
 Hailstorm                Conj/Ice       0%         3d5       71%         3
 Cause Fear               Hex            4%         N/A       71%         4
 Dimensional Bullseye     Hex/Tloc       2%         N/A       88%         4


Dungeon Overview and Level Annotations

Branches:
Dungeon (3/15)

Altars:
Elyvilon
Qazlal
Uskayaw
The Shining One

Shops:
D:1 =   D:2 [   D:3 (

Annotations:
D:3 Grinder


Innate Abilities, Weirdness & Mutations

Your serpentine skin is tough. (AC +1)
You have supernaturally acute eyesight. (SInv)
Armour fits poorly on your strangely shaped body.
Your system is resistant to poisons. (rPois)
You cover ground very slowly.
You can spit poison.
You have a snake-like lower body.


Message History

The orc priest attacks as it pursues you!
The orc priest barely misses you.
The orc priest hits you with a +0 dagger.
The orc priest looks satisfied for a moment.
The orc priest attacks as it pursues you!
The orc priest barely misses you.
There is a stone staircase leading up here.
The orc priest hits you with a +0 dagger.
You climb upwards.
There is a stone staircase leading down here.
Unknown command.
Unknown command.
An orc priest is nearby!
You shoot a sling bullet.
The sling bullet hits the orc priest but does no damage.
The orc priest barely misses you.
You shoot a sling bullet. The sling bullet hits the orc priest.
The orc priest is heavily wounded.
The orc priest barely misses you. x2
You shoot a sling bullet. The sling bullet hits the orc priest.
The orc priest is severely wounded.
The orc priest hits you but does no damage.
You shoot a sling bullet.
The sling bullet completely misses the orc priest.
The orc priest calls down the wrath of Beogh upon you.
Beogh smites you!
You shoot a sling bullet.
The sling bullet hits the orc priest but does no damage.
The orc priest is severely wounded.
The orc priest calls down the wrath of Beogh upon you.
Beogh smites you!
* * * LOW HITPOINT WARNING * * *
You shoot a sling bullet.
The sling bullet hits the orc priest but does no damage.
The orc priest is severely wounded.
The orc priest closely misses you.
The orc priest calls down the wrath of Beogh upon you.
Beogh smites you!
Ouch! That really hurt!
You die...

......(...######.###... #........
##........+....#.#########.####.#
..........####...#.##...#..# #.#
.......###....#..#..'.....## #.#
#...######....#..#..#...### #.#
##...##............##...#### #.#
##.).##....##......#####)..####.#
##...##....##.................#.#
##...##....##..o@.##.......##.#.#
.....##....##.....##.....####.#.#
#....##....##.....##.....# #.#..
###...<...........'......# #.###
#.##.......##.....##.....# #.#
#.##.......##.....##.....# #.#
#.##.......##.........#######.###
..##.............................
..##...#........##.........).....


You could see an orc priest.

Vanquished Creatures
  Robin (D:3)
  4 dart slugs
  3 endoplasms
  3 giant cockroaches
  10 goblins
  11 hobgoblins
  3 jackals (D:2)
  3 kobolds
  7 ball pythons
  3 bats (D:1)
  2 frilled lizards (D:1)
  12 rats (D:1)
62 creatures vanquished.

Notes
Turn   | Place    | Note
-------+----------+-------------------------------------------
     0 | D:1      | spaghetti the Naga Hexslinger began the quest for the Orb.
     0 | D:1      | Reached XP level 1. HP: 18/18 MP: 2/2
    45 | D:1      | Reached skill level 2 in Ranged Weapons
   165 | D:1      | Reached XP level 2. HP: 25/25 MP: 3/3
   411 | D:1      | Reached skill level 3 in Ranged Weapons
   503 | D:1      | Reached XP level 3. HP: 29/31 MP: 4/4
   641 | D:1      | Found Ederab's Jewellery Emporium.
  1129 | D:2      | Found Didymois's Armour Emporium.
  1192 | D:2      | Found a faded altar of an unknown god.
  1455 | D:2      | Reached XP level 4. HP: 38/38 MP: 5/5
  1621 | D:2      | Identified the +0 leather armour of Trumpets {Harm ^Drain
                  | rC+ Slay+3}
  1743 | D:3      | Noticed Robin
  1781 | D:3      | Found a white marble altar of Elyvilon.
  1782 | D:3      | Found a glowing golden altar of the Shining One.
  1834 | D:3      | Became a worshipper of the Shining One
  1846 | D:3      | Found Tyng's Antique Weapon Shop.
  1939 | D:3      | Found a hide-covered altar of Uskayaw.
  1992 | D:3      | Killed Robin
  1993 | D:3      | Reached skill level 4 in Ranged Weapons
  2007 | D:3      | Noticed Grinder
  2165 | D:3      | Found a stormy altar of Qazlal.
  2184 | D:2      | Killed from afar by an orc priest

Illustrated notes

Levels and vault maps discovered:
D:1:      evilmike_arrival_rings, layout_basic, serial_shops, shop,
          minmay_heptomino_w4
D:2:      layout_basic, basic_ecumenical_altar, serial_shops,
          nicolae_shop_rolling_square, serial_aquarium, aquarium_bridge_straight
          [aquarium_subvault_bridge, aquarium_subvault_wall,
          aquarium_subvault_bridge, aquarium_subvault_window],
          aquarium_bridge_straight [aquarium_subvault_bridge,
          aquarium_subvault_balcony, aquarium_subvault_bridge,
          aquarium_subvault_window], aquarium_window_corner, aquarium_window_1,
          aquarium_window_fake, aquarium_view_2c, aquarium_pool_1,
          minmay_misc_feat_encased
D:3:      layout_basic, grunt_temple_overflow_forces_of_nature,
          mainiacjoe_overflow_boulevard, gammafunk_temple_overflow_pools,
          serial_shops, shop, chequers_serial_rivers_large_a,
          kennysheep_nondescript, minmay_misc_feat_rows, nicolae_wormholes,
          uniq_robin, uniq_grinder

Skill      XL: |  1  2  3  4 |
---------------+-------------+-----
Ranged Weapons | 2 3 4 |  4.1
Fighting       | |  1.0
Dodging        | |  1.5
Spellcasting   | |  1.0
Hexes          | |  3.0
Fire Magic     | |  1.0

Action                     |  1- 3 |  4- 6 || total
---------------------------+-------+-------++-------
   Fire: Sling             |   151 |    40 ||   191
 Armour: Robe              |     4 |       ||     4
         Leather armour    |    68 |    23 ||    91
  Dodge: Dodged            |    45 |    15 ||    60
